 Dungeon Crawl Stone Soup version 0.28.0 (webtiles) character file.

Game seed: 12985789125034285561

92782 pkoi the Devastator (level 15, -6/115 HPs)
             Began as a Red Draconian Conjurer on Feb 9, 2022.
             Was an Elder of Sif Muna.
             Mangled by a spriggan (11 damage)
             ... on level 1 of the Swamp.
             The game lasted 01:13:17 (39274 turns).

pkoi the Devastator (Red Draconian Conjurer)       Turns: 39274, Time: 01:13:18

Health: -6/115     AC: 20    Str: 10    XL:     15   Next: 58%
Magic:  24/29      EV: 13    Int: 26    God:    Sif Muna [****..]
Gold:   445        SH:  0    Dex:  9    Spells: 9/34 levels left

rFire   + . .      SeeInvis .   a - +9 dire flail of Quamep {spect, rC+}
rCold   + . .      Faith    .   (shield currently unavailable)
rNeg    . . .      Spirit   .   (armour unavailable)
rPois   .          Reflect  .   E - +2 hat
rElec   .          Harm     .   y - +0 cloak
rCorr   .          Rampage  .   g - +1 pair of gloves
Will    +....                   R - +1 pair of boots {Stlth+}
Stlth   ++........              (no amulet)
HPRegen 0.29/turn               k - +4 ring of protection
MPRegen 0.21/turn               x - +4 ring of slaying

@: very slow
A: breathe fire, AC +9, unfitting armour, fire resistance 1, cold-blooded
a: Breathe Fire, Renounce Religion, Channel Magic, Forget Spell, Divine Exegesis


You were on level 1 of the Swamp.
You worshipped Sif Muna.
Sif Muna was greatly pleased with you.
You visited 4 branches of the dungeon, and saw 23 of its levels.

You collected 2104 gold pieces.
You spent 1659 gold pieces at shops.

Inventory:

Hand Weapons
 a - the +9 dire flail of Quamep (weapon) {spect, rC+}
   (You bought it in a shop on level 6 of the Dungeon)

   When its wielder attacks, the weapon's spirit leaps out and strikes again.
   The spirit shares a part of any damage it takes with its wielder.
   rC:        It protects you from cold.
 b - the +7 great mace "Undeadhunter" {disrupt, rN+}
   (You bought it in a shop on level 12 of the Dungeon)

   It inflicts significantly more damage against the undead.
   rN:        It protects you from negative energy.
 o - the +6 dagger of Lioqeont {flame, rCorr}
   (You found it on level 4 of the Dungeon)

   It burns those it strikes, dealing additional fire damage.
   rCorr:     It protects you from acid and corrosion.
Missiles
 p - 7 throwing nets
 r - 4 curare-tipped darts
Armour
 g - a +1 pair of gloves (worn)
 y - a +0 cloak (worn)
 E - a +2 hat (worn)
 R - a +1 pair of boots of stealth (worn)
Jewellery
 k - a +4 ring of protection (left hand)
 m - a ring of positive energy
 s - a ring of protection from fire
 x - a +4 ring of slaying (right hand)
 F - a ring of ice
 L - a ring of see invisible
Wands
 t - a wand of acid (8)
 u - a wand of polymorph (13)
 A - a wand of mindburst (42)
 C - a wand of digging (17)
 D - a wand of flame (39)
 G - a wand of iceblast (21)
 N - a wand of paralysis (8)
 Q - a wand of charming (4)
Scrolls
 c - 2 scrolls of fog
 e - a scroll of blinking
 i - 2 scrolls of identify
 j - 4 scrolls of teleportation
 l - 2 scrolls of enchant weapon
 n - 4 scrolls of brand weapon
 w - 8 scrolls of enchant armour
 I - a scroll of summoning
 O - 5 scrolls of amnesia
 P - 2 scrolls of silence
 S - a scroll of magic mapping
Potions
 d - 4 potions of heal wounds
 f - 3 potions of might
 h - 4 potions of flight
 q - 4 potions of haste
 v - 7 potions of curing
 z - a potion of invisibility
 B - 2 potions of ambrosia
 H - a potion of cancellation
 J - 2 potions of brilliance
 K - a potion of magic
 M - a potion of resistance


   Skills:
 - Level 6.0 Fighting
 + Level 13.2 Maces & Flails
 - Level 6.0 Dodging
 - Level 6.0 Stealth
 + Level 10.2 Spellcasting
 + Level 15.8 Conjurations
 - Level 6.0 Translocations
 + Level 6.2 Fire Magic
 - Level 6.4 Earth Magic
 - Level 10.4 Invocations


You had 9 spell levels left.
You knew the following spells:

 Your Spells              Type           Power      Damage    Failure   Level
a - Magic Dart            Conj           100%       1d8       0%          1
b - Searing Ray           Conj           100%       2d8       0%          2
c - Iskenderun's Mystic   Conj/Tloc      63%        2d13      1%          4
d - Passage of Golubria   Tloc           44%        N/A       3%          4
e - Lehudib's Crystal Sp  Conj/Erth      31%        10d8      97%         8
f - Blink                 Tloc           88%        N/A       1%          2
g - Flame Wave            Conj/Fire      63%        2d12      1%          4

Your spell library contained the following spells:

 Spells                   Type           Power      Damage    Failure   Level
 Apportation              Tloc           88%        N/A       1%          1
 Static Discharge         Conj/Air       53%        N/A       1%          2
 Dazzling Flash           Conj/Hex       100%       N/A       1%          3
 Stone Arrow              Conj/Erth      100%       3d13      1%          3
 Fulminant Prism          Conj/Hex       26%        3d14      1%          4
 Sticky Flame             Conj/Fire      63%        2d8       1%          4
 Pain                     Necr           52%        1d6       4%          1
 Portal Projectile        Hex/Tloc       56%        N/A       4%          3
 Irradiate                Conj/Tmut      26%        3d22      4%          5
 Lightning Bolt           Conj/Air       26%        1d42      4%          5
 Corpse Rot               Necr/Air       26%        N/A       7%          2
 Ensorcelled Hibernation  Hex/Ice        26%        N/A       7%          2
 Poisonous Vapours        Pois/Air       26%        N/A       7%          2
 Lee's Rapid Deconstruct  Erth           23%        3d14*     9%          5
 Manifold Assault         Tloc           44%        N/A       11%         5
 Leda's Liquefaction      Hex/Erth       15%        N/A       12%         4
 Confusing Touch          Hex            13%        N/A       14%         3
 Spider Form              Tmut/Pois      13%        N/A       14%         3
 Conjure Ball Lightning   Conj/Air       26%        3x3d7     26%         6
 Airstrike                Air            6%         N/A       41%         4
 Anguish                  Hex/Necr       6%         N/A       41%         4
 Ice Form                 Ice/Tmut       13%        N/A       41%         4
 Olgreb's Toxic Radiance  Pois           13%        N/A       41%         4
 Summon Lightning Spire   Summ/Air       13%        N/A       41%         4
 Dispersal                Tloc           22%        N/A       52%         6
 Agony                    Necr           13%        N/A       77%         5
 Blade Hands              Tmut           6%         N/A       77%         5
 Excruciating Wounds      Necr           6%         N/A       77%         5
 Yara's Violent Unravell  Hex/Tmut       6%         3d5       77%         5
 Statue Form              Tmut/Erth      20%        N/A       88%         6
 Dragon Form              Tmut           6%         N/A       100%        7
 Enfeeble                 Hex            6%         N/A       100%        7
 Malign Gateway           Summ/Tloc      14%        N/A       100%        7
 Ozocubu's Refrigeration  Ice            6%         4d6       100%        7
 Storm Form               Tmut/Air       6%         N/A       100%        7
 Discord                  Hex            6%         N/A       100%        8
 Disjunction              Tloc           22%        N/A       100%        8
 Ignition                 Fire           22%        3d8       100%        8
 Summon Horrible Things   Summ           6%         N/A       100%        8
 Chain Lightning          Conj/Air       26%        3d35      100%        9
 Fire Storm               Conj/Fire      31%        8d8       100%        9
 Polar Vortex             Ice            6%         N/A       100%        9
 Shatter                  Erth           23%        3d20*     100%        9
 Animate Armour           Summ/Erth      Unusable   N/A       N/A         4

Dungeon Overview and Level Annotations

Branches:
Dungeon (15/15)            Temple (1/1) D:4            Lair (6/6) D:8
  Swamp (1/4) Lair:4        Snake (0/4) Lair:3        Slime (0/5) Lair:5
    Orc (0/2) D:11         Vaults (0/5) D:13         Depths (0/4) D:15

Altars:
Ashenzari
Cheibriados
Dithmenos
Elyvilon
Fedhas
Gozag
Hepliaklqana
Kikubaaqudgha
Makhleb
Nemelex Xobeh
Okawaru
Qazlal
Ru
Sif Muna
Trog
Uskayaw
Vehumet
Wu Jian
Xom
Yredelemnul
Zin
The Shining One
Jiyva
Lugonu

Shops:
D:6 *   D:11 !   D:12 ([*


Innate Abilities, Weirdness & Mutations

You can breathe blasts of fire.
Your fiery red scales are hard. (AC +9)
You cannot fit into any form of body armour.
Your flesh is heat resistant. (rF+)
You are cold-blooded and may be slowed by cold attacks.


Message History

Casting: Searing Ray (safe; 0% risk of failure)
Confirm with . or Enter, or press ? or * to list all spells.
Casting: Flame Wave (mildly dangerous; 1% risk of failure)
Press: ? - help, Dir - look around, f - activate A wave of flame ripples out!
The flame wave engulfs the spriggan rider!
The spriggan rider is moderately wounded.
The flame wave engulfs the swamp worm!
The swamp worm is heavily wounded.
The flame wave engulfs the spriggan rider!
The spriggan rider is lightly wounded. (Press . to intensify the flame waves.)
The swamp worm is engulfed in a cloud of scalding steam.
The swamp worm bites you!!
* * * LOW HITPOINT WARNING * * *
The spriggan rider hits you from afar with a +0 spear.
* * * LOW HITPOINT WARNING * * *
The spriggan rider is engulfed in a cloud of scalding steam.
The spriggan rider hits you but does no damage.
The swamp worm is engulfed in a cloud of scalding steam.
You kill the swamp worm!
Sif Muna accepts your kill.
The spriggan rider is engulfed in a cloud of scalding steam.
The spriggan rider barely misses you.
A wave of flame ripples out!
The flame wave engulfs the spriggan rider!
The spriggan rider is severely wounded.
The flame wave engulfs the spriggan rider!
The spriggan rider is moderately wounded.
The flame wave engulfs the spriggan rider!
The spriggan rider is moderately wounded.
The spriggan rider is engulfed in a cloud of scalding steam.
The spriggan rider hits you from afar with a +0 spear!
* * * LOW HITPOINT WARNING * * *
The spriggan rider is engulfed in a cloud of scalding steam.
You kill the hornet!
Sif Muna accepts your kill.
The spriggan falls from its now dead mount.
The spriggan hits you with a +0 spear!
You die...

♣♣ ♣≈...≈≈≈.♣♣♣ .♣♣
♣≈.≈.......♣ ≈.♣♣
♣♣♣.≈≈≈≈..§≈.≈ ≈≈.♣♣
♣..≈≈≈≈≈≈.≈≈≈≈ ≈≈≈≈♣
♣.≈≈≈≈≈≈≈..≈♣ ≈≈≈≈♣♣♣♣♣
♣..≈§§i§§≈.♣ §≈..♣♣§≈♣♣
♣♣.§§§i§≈.♣♣
≈≈.≈.....♣♣♣≈.§i@§§≈.≈♣
≈))≈≈≈≈≈..♣♣≈.§§§§§..≈♣
.≈≈≈♣≈≈≈...♣♣..§§§§≈..♣
.≈≈≈♣≈...≈≈.....♣..≈≈.♣
§≈≈≈♣♣..≈≈≈≈=[..♣♣≈≈≈§♣
.>..≈.≈≈≈≈§§.≈≈♣♣ ♣♣♣♣♣
≈§≈....≈≈§.?.≈.♣
.≈≈≈...§≈≈..≈..♣
♣...♣♣.≈≈≈≈.§≈♣♣


You could see 2 spriggan riders and a spriggan.

Vanquished Creatures
  Jorgrun (D:14)
  Gastronok (D:10)
  An ettin (D:15)
  11 hydras
  A shambling mangrove (Lair:4)
  3 catoblepae
  A boulder beetle (D:14)
  Erolcha (D:9)
  7 centaur warriors
  5 two-headed ogres
  6 death yaks
  3 tengu warriors
  A skeletal warrior (D:14)
  Nergalle (Lair:2)
  A deep troll (D:15)
  2 bog bodies
  4 lindwurms
  2 deep elf pyromancers
  A harpy (D:12)
  An orc knight (D:14)
  A necromancer (D:13)
  A deep elf zephyrmancer (D:13)
  8 ugly things
  5 cyclopes
  28 elephants
  Maurice (D:9)
  3 manticores
  10 black mambas
  Joseph (D:7)
  2 torpor snails
  19 cane toads
  5 rime drakes
  An efreet (D:13)
  5 kobold demonologists
  8 komodo dragons
  3 tengu conjurers
  7 trolls
  2 ice devils (D:13)
  5 hornets
  A polar bear (Lair:6)
  A hornet (shapeshifter) (D:15)
  13 slime creatures
  9 blink frogs
  2 wraiths
  2 spriggans (Swamp:1)
  4 shadows (D:11)
  39 yaks
  8 wyverns
  A vampire (D:12)
  Grum (D:6)
  A steam dragon (D:7)
  6 vampire mosquitoes
  6 basilisks
  A basilisk (shapeshifter) (D:13)
  Menkaure (D:4)
  A naga (Lair:3)
  4 swamp worms (Swamp:1)
  4 acid dragons
  21 water moccasins
  A two-headed ogre zombie (D:11)
  4 orc warriors
  2 black bears
  2 sky beasts
  2 hornet zombies
  A sky beast (shapeshifter) (D:15)
  4 necrophages (D:6)
  12 centaurs
  7 wolves
  3 ogres
  2 phantoms
  3 kobold brigands
  10 bullfrogs
  3 scorpions
  2 gnoll sergeants
  3 troll zombies (D:11)
  17 killer bees
  16 wights
  2 electric eels
  4 howler monkeys
  A bullfrog zombie (D:6)
  Crazy Yiuf (D:2)
  6 centaur zombies
  10 hounds
  2 jellies
  A bullfrog skeleton (D:5)
  3 gnoll shamans
  3 orc priests
  A centaur skeleton (D:7)
  7 orc wizards
  5 iguanas
  11 hell rats
  4 ogre zombies (D:11)
  2 howler monkey zombies
  20 gnolls
  9 adders
  A howler monkey skeleton (D:7)
  11 river rats (Lair:1)
  2 shadow imps (D:7)
  A white imp (D:7)
  An adder skeleton (D:4)
  An adder zombie (D:5)
  6 worms
  4 dart slugs
  30 orcs
  10 ball pythons
  2 bats (D:1)
  9 endoplasms
  2 giant cockroaches (D:3)
  14 goblins
  8 hobgoblins
  8 jackals
  13 kobolds
  8 quokkas
  2 frilled lizards (D:2)
  4 goblin skeletons (D:11)
  A goblin zombie (D:11)
  A hobgoblin skeleton (D:11)
  2 hobgoblin zombies (D:11)
  4 orc skeletons (D:11)
  13 orc zombies (D:11)
  16 rats
655 creatures vanquished.

Vanquished Creatures (others)
  An orc (D:9)
  A bush (D:6)
  5 demonic plants (D:10)
  41 fungi
  69 plants
117 creatures vanquished.

Grand Total: 772 creatures vanquished

Notes
Turn   | Place    | Note
-------+----------+-------------------------------------------
     0 | D:1      | pkoi the Draconian Conjurer began the quest for the Orb.
     0 | D:1      | Reached XP level 1. HP: 14/14 MP: 3/3
   419 | D:1      | Reached XP level 2. HP: 20/20 MP: 0/5
   471 | D:1      | Learned a level 2 spell: Searing Ray
   476 | D:1      | Found a faded altar of an unknown god.
  1195 | D:2      | Reached skill level 5 in Conjurations
  1195 | D:2      | Reached XP level 3. HP: 26/26 MP: 2/6
  2095 | D:2      | Reached XP level 4. HP: 33/33 MP: 2/7
  2638 | D:2      | Found a runed translucent door.
  2639 | D:2      | Noticed Crazy Yiuf
  3056 | D:3      | Reached skill level 6 in Conjurations
  3183 | D:3      | Found a broken altar of Ashenzari.
  4083 | D:4      | Reached XP level 5. HP: 38/38 MP: 2/8
  4143 | D:4      | Identified the +6 dagger of Lioqeont {flame, rCorr}
  4200 | D:3      | Reached skill level 7 in Conjurations
  4534 | D:4      | Noticed a sky beast
  4567 | D:4      | Killed a sky beast
  4568 | D:4      | Reached XP level 6. HP: 30/45 MP: 1/9
  4767 | D:3      | Found a white marble altar of Elyvilon.
  4862 | D:4      | Found a hazy altar of Hepliaklqana.
  4877 | D:4      | Found an opulent altar of Gozag.
  4879 | D:4      | Found a shadowy altar of Dithmenos.
  4879 | D:4      | Found a shimmering blue altar of Sif Muna.
  4888 | D:4      | Became a worshipper of Sif Muna the Loreminder
  4950 | D:4      | Reached skill level 8 in Conjurations
  5129 | D:4      | Reached skill level 1 in Invocations
  5224 | D:4      | Found a staircase to the Ecumenical Temple.
  5466 | D:4      | Found a hide-covered altar of Uskayaw.
  5477 | D:4      | Noticed Menkaure
  5483 | D:4      | Killed Menkaure
  5484 | D:4      | Your scales start taking on a fiery red colour.
  5484 | D:4      | Reached XP level 7. HP: 8/50 MP: 4/11
  5484 | D:4      | Gained mutation: Your flesh is heat resistant. (rF+) [Red
                  | Draconian growth]
  6193 | D:4      | Found an iron altar of Okawaru.
  6273 | D:5      | Entered Level 5 of the Dungeon
  6281 | D:5      | Found a glowing silver altar of Zin.
  7579 | D:6      | Found a blossoming altar of Fedhas.
  7604 | D:6      | Found a sacrificial altar of Ru.
  7627 | D:6      | Reached skill level 9 in Conjurations
  7627 | D:6      | Reached XP level 8. HP: 53/57 MP: 6/12
  7898 | D:6      | Reached skill level 5 in Invocations
  8220 | D:6      | Reached * piety under Sif Muna
  8392 | D:6      | Reached skill level 10 in Conjurations
  8967 | D:6      | Reached XP level 9. HP: 61/62 MP: 6/14
  9015 | D:5      | Learned a level 4 spell: Iskenderun's Mystic Blast
  9035 | D:6      | Noticed Grum
  9047 | D:6      | Killed Grum
  9048 | D:6      | Reached skill level 1 in Translocations
  9420 | D:6      | Found Xygremue's Assorted Antiques.
  9620 | D:6      | Found a snail-covered altar of Cheibriados.
 10577 | D:7      | Reached ** piety under Sif Muna
 10853 | D:7      | Noticed Joseph
 10858 | D:7      | Killed Joseph
 10859 | D:7      | Reached skill level 11 in Conjurations
 11812 | D:7      | Noticed a two-headed ogre
 11887 | D:7      | Killed a two-headed ogre
 11888 | D:7      | Reached XP level 10. HP: 69/69 MP: 13/16
 11982 | D:7      | Reached skill level 5 in Translocations
 13416 | D:8      | Reached *** piety under Sif Muna
 13842 | D:8      | Reached skill level 12 in Conjurations
 13938 | D:8      | Noticed a death yak
 13938 | D:8      | Noticed a death yak
 14404 | D:8      | Noticed a death yak
 14488 | D:9      | Reached skill level 10 in Invocations
 14649 | D:9      | Noticed Maurice
 14747 | D:9      | Noticed Erolcha
 14836 | D:8      | HP: 1/69 [death yak (20)]
 15438 | D:2      | Killed Crazy Yiuf
 15561 | D:6      | Bought a scorched dire flail for 216 gold pieces
 15561 | D:6      | Identified the +9 dire flail of Quamep {spect, rC+} (You
                  | bought it in a shop on level 6 of the Dungeon)
 15631 | D:8      | Found a staircase to the Lair.
 15991 | D:8      | Killed a death yak
 16165 | Lair:1   | Entered Level 1 of the Lair of Beasts
 16169 | Lair:1   | Found a gate leading to a gauntlet.
 16171 | Lair:1   | Noticed a black mamba
 16180 | Lair:1   | Killed a black mamba
 16181 | Lair:1   | Reached XP level 11. HP: 38/74 MP: 18/18
 16604 | Lair:1   | Reached skill level 5 in Spellcasting
 17518 | Lair:1   | Reached skill level 13 in Conjurations
 17539 | Lair:1   | Reached **** piety under Sif Muna
 17905 | Lair:1   | Noticed a five-headed hydra
 17917 | Lair:1   | Killed a five-headed hydra
 18344 | Lair:1   | Reached skill level 1 in Fighting
 18344 | Lair:1   | Reached skill level 1 in Maces & Flails
 18972 | Lair:2   | Noticed a seven-headed hydra
 19102 | Lair:1   | Reached XP level 12. HP: 40/88 MP: 18/22
 19571 | Lair:2   | Killed a seven-headed hydra
 20100 | Lair:2   | Reached skill level 14 in Conjurations
 20246 | Lair:2   | You fall into a shaft and drop 2 floors!
 20352 | Lair:4   | Found a staircase to the Swamp.
 20367 | Lair:4   | Reached ***** piety under Sif Muna
 20367 | Lair:4   | Received a gift from Sif Muna
 20484 | Lair:2   | Noticed Nergalle
 20497 | Lair:2   | Killed Nergalle
 21209 | Lair:2   | Got the Reference Book on Dislocated Conjuration
 21315 | Lair:2   | Learned a level 4 spell: Passage of Golubria
 21364 | Lair:3   | Reached skill level 5 in Dodging
 21367 | Lair:3   | Reached skill level 5 in Maces & Flails
 21569 | Lair:3   | Noticed a catoblepas
 21684 | Lair:3   | Killed a catoblepas
 21746 | Lair:3   | Found a staircase to the Snake Pit.
 21832 | Lair:3   | Noticed a death yak
 21833 | Lair:3   | Noticed a death yak
 21833 | Lair:3   | Noticed a death yak
 21833 | Lair:3   | Noticed a death yak
 21833 | Lair:3   | Noticed a death yak
 21833 | Lair:3   | Noticed a death yak
 21888 | Lair:2   | Killed a death yak
 22107 | Lair:2   | Killed a death yak
 22230 | Lair:3   | Killed a death yak
 22286 | Lair:3   | Reached XP level 13. HP: 53/96 MP: 25/25
 23611 | Lair:4   | Reached skill level 5 in Fighting
 24412 | Lair:4   | Reached skill level 5 in Stealth
 26227 | Lair:5   | Found a viscous altar of Jiyva.
 26228 | Lair:5   | Found a staircase to the Slime Pits.
 26424 | Lair:6   | Entered Level 6 of the Lair of Beasts
 27011 | Lair:6   | Learned a level 8 spell: Lehudib's Crystal Spear
 27136 | Lair:6   | Reached skill level 1 in Earth Magic
 27329 | Lair:6   | Received a gift from Sif Muna
 27339 | Lair:6   | Got Usuj's Volume of Battle Magic {god gift}
 27637 | Lair:6   | Reached XP level 14. HP: 110/110 MP: 26/26
 28723 | Lair:6   | Reached skill level 10 in Maces & Flails
 28723 | Lair:6   | Reached skill level 15 in Conjurations
 29600 | D:9      | Killed Erolcha
 29824 | D:9      | Killed Maurice
 30007 | D:10     | Entered Level 10 of the Dungeon
 30177 | D:10     | Found a radiant altar of Vehumet.
 30194 | D:10     | Reached skill level 5 in Earth Magic
 30411 | D:10     | Noticed Gastronok
 30423 | D:10     | Killed Gastronok
 30752 | D:10     | Received a gift from Sif Muna
 30763 | D:10     | Learned a level 2 spell: Blink
 30824 | D:10     | Found a corrupted altar of Lugonu.
 31408 | D:11     | Found a staircase to the Orcish Mines.
 31881 | D:11     | Found Onuerusu's Distillery.
 32226 | Temple   | Entered the Ecumenical Temple
 32468 | D:12     | You fall into a shaft and drop 3 floors!
 32468 | D:15     | Entered Level 15 of the Dungeon
 33197 | D:14     | Noticed Jorgrun
 33246 | D:12     | Received a gift from Sif Muna
 33247 | D:12     | Got Sif Muna's Collected Works on Displacement and Arcane
                  | Weapons {god gift}
 33255 | D:12     | Learned a level 4 spell: Flame Wave
 33475 | D:12     | Reached skill level 1 in Fire Magic
 34259 | D:12     | Found Lopytru's General Store.
 34260 | D:12     | Found Ytyrr's Armour Emporium.
 34270 | D:12     | Found Duommim's Antique Weapon Shoppe.
 34276 | D:12     | Bought a +1 pair of boots of stealth for 231 gold pieces
 34289 | D:12     | Bought the +7 great mace "Undeadhunter" {disrupt, rN+} for
                  | 1212 gold pieces
 34289 | D:12     | Found the +7 great mace "Undeadhunter" {disrupt, rN+}
 34350 | D:12     | Reached XP level 15. HP: 110/115 MP: 28/28
 35359 | D:13     | Found a gate to the Vaults.
 35878 | D:14     | Killed Jorgrun
 36322 | D:14     | Found a hide-covered altar of Uskayaw.
 36853 | D:14     | Reached skill level 5 in Fire Magic
 37606 | D:15     | Reached skill level 10 in Spellcasting
 37635 | D:15     | Found a staircase to the Depths.
 38348 | D:15     | Got the Collected Works on Cold and the Compass
 38707 | Swamp:1  | Entered Level 1 of the Swamp
 39274 | Swamp:1  | HP: 5/115 [spriggan rider (14)]
 39274 | Swamp:1  | Mangled by a spriggan

Illustrated notes

Levels and vault maps discovered:
D:1:      evilmike_arrival_fibonacci_small, layout_basic,
          shapermc_ecumenical_altar_totnotflames
D:2:      cheibrodos_greedy_goblins, layout_loops_corners,
          amcnicky_mini_pool_small, palyth_stone_intersect, minmay_3d_cube,
          uniq_crazy_yiuf_cottage
D:3:      layout_basic, mainiacjoe_overflow_24_doors,
          nicolae_overflow_hidden_temple
D:4:      layout_cave_pools, mainiacjoe_overflow_surrounded_room, minitemple,
          amcnicky_altar_gilded, minmay_temple_entry_offerings, serial_glass,
          glass_columns_a, glass_columns_a, minmay_strange_pillars,
          uniq_menkaure
D:5:      minmay_general_purpose_star, layout_cave_pods,
          mainiacjoe_overflow_brackets, minmay_misc_feat_square
D:6:      layout_cave_pools, cheibrodos_worm_habitat, nicolae_ru_path_of_blood,
          fedhas_altar_decomposition, serial_gnoll_camp,
          gnoll_camp_mini_loothouse, gnoll_camp_mini_hut, grums_kennel,
          gnoll_camp_mini_shop, gnoll_camp_mini_basic, gnoll_camp_mini_house
D:7:      minmay_polygon_palace, layout_layer_cave, grunt_potential, uniq_joseph
D:8:      layout_loops_ring, dpeg_lair_monsters
D:9:      layout_irregular_city, grunt_decor_fettered, uniq_maurice,
          uniq_erolcha
D:10:     kennysheep_kobold_lugonu_temple, layout_rooms,
          mainiacjoe_overflow_tiny_flanked, uniq_gastronok
D:11:     layout_cave_pools, zombieorc2_lemuel, serial_shops, kennysheep_mini
D:12:     kennysheep_blocky_room, layout_cave_pools, nrook_uturn,
          nicolae_wooded_promenade, minmay_increasing_density
D:13:     layout_roguey, david_vaults_1, portal_ice_cave_demonic_guard,
          minmay_fountain_box, onia_ninara_dug_in_and_dangerous
D:14:     wad_river_or_something, layout_basic, kennysheep_path_1,
          nicolae_uskayaw_murder_on_the_dancefloor, uniq_jorgrun
D:15:     hangedman_depths_entry_civil_slaughter, layout_basic,
          serial_corexii_hall, corexii_hall_statues_x, chequers_hall_statues_y
Temple:   dpeg_three_leaves_temple
Lair:1:   lemuel_ratsnest, layout_gridlike, gauntlet_entry_generic,
          grunt_megastairs_1
Lair:2:   layout_chaotic_city, serial_bayou_shore_b, grunt_megastairs_3,
          uniq_nergalle
Lair:3:   layout_loops_ring, guppyfry_snake_entry_garden, minivault_11
Lair:4:   layout_regular_city, skrybe_swamp_entry_bodies, grunt_megastairs_5,
          serial_bayou_shore_a
Lair:5:   layout_gridlike, slime_altar_1
Lair:6:   hangedman_lair_in_review, layout_gridlike,
          chequers_serial_rivers_micro_c
Swamp:1:  layout_basic_swamp, evilmike_swamp_ruin_house_2, swamp_pool4,
          nicolae_swamp_necromancy_gone_wrong, infiniplex_staircase_pool

Skill      XL: |  1  2  3  4  5  6  7  8  9 10 11 12 13 14 15 |
---------------+----------------------------------------------+-----
Conjurations   | 5 6 7 8 9 10 11 12 13 14 15 | 15.8
Invocations    | 2 4 7 9 10 | 10.4
Spellcasting   | 3 4 7 8 9 10 | 10.2
Translocations | 4 6 |  6.0
Fighting       | 2 4 6 |  6.0
Maces & Flails | 2 5 9 12 13 | 13.2
Dodging        | 3 5 6 |  6.0
Stealth        | 3 6 |  6.0
Earth Magic    | 2 6 |  6.4
Fire Magic     | 2 6 |  6.2

Action                   |  1- 3 |  4- 6 |  7- 9 | 10-12 | 13-15 || total
-------------------------+-------+-------+-------+-------+-------++-------
Melee: Unarmed           |    22 |       |       |       |       ||    22
       Tailslap          |     5 |     3 |     2 |    63 |   130 ||   203
       Dagger            |     2 |    23 |    55 |    15 |       ||    95
       Dire flail        |       |       |       |   246 |   624 ||   870
       Great mace        |       |       |       |       |     4 ||     4
 Cast: Magic Dart        |    44 |    95 |   159 |    42 |    72 ||   412
       Searing Ray       |     5 |    10 |    45 |    40 |     5 ||   105
       Iskenderun's Myst |       |       |     1 |    11 |    11 ||    23
       Flame Wave        |       |       |       |       |     8 ||     8
 Abil: Breathe Fire      |       |       |    10 |    28 |    32 ||    70
  Use: Scroll            |       |       |    12 |     4 |    10 ||    26
       Potion            |       |       |     6 |     1 |       ||     7
 Stab: Distracted        |       |       |       |     4 |    10 ||    14
       Sleeping          |       |       |       |       |    14 ||    14
       Petrified         |       |       |       |       |     2 ||     2
Armor: Skin              |     6 |    26 |    61 |   181 |   281 ||   555
Dodge: Dodged            |    18 |    28 |    74 |   224 |   354 ||   698
